[Event "Swedish Chess Championship 2019: Minior-SM"]
[Site "Stiga Sports Arena, Arenatorget 1, Eskilstuna, Sweden, Sweden"]
[Date "2019.07.13"]
[Round "8.2"]
[White "Fridman, Arvid"]
[Black "Seo, Jung Hyun"]
[Result "0-1"]
[TimeControl "90 minutes for 40 moves + 30 minutes for the rest of the game + 30 seconds per move from move one"]
[WhiteFideId "1758632"]
[BlackFideId "1735667"]
[WhiteElo "1326"]
[BlackElo "1575"]

1. d4 e6 2. c4 d5 3. Nc3 Nf6 4. Bf4 c6 5. c5 Nbd7 6. Nf3 a5 7. a3 b5 8. b4 Be7 9. h3 O-O 10.
e3 Ne4 11. Nxe4 dxe4 12. Nd2 f5 13. Nb3 axb4 14. axb4 Rxa1 15. Qxa1 Nf6 16. Na5 Qe8 17. Be5 Nd5 18. Qa3 Bd8 19.
Be2 Bc7 20. O-O Bxe5 21. dxe5 f4 22. exf4 Nxf4 23. Re1 Qf7 24. Kh1 Nxg2 25. Rg1 Nf4 26. Bf1 Nd3 27. Bxd3 Qf3+ 28. Rg2 exd3 29.
Qc3 Qd5 30. Qd2 Bd7 31. Qg5 g6 32. Qd2 Be8 33. Nb7 Qf3 34. Nd6 Qe2 35. Qh6 d2 0-1

[Event "Swedish Chess Championship 2019: Minior-SM"]
[Site "Stiga Sports Arena, Arenatorget 1, Eskilstuna, Sweden, Sweden"]
[Date "2019.07.13"]
[Round "8.3"]
[White "Strom-Engdahl, Alexander"]
[Black "Johansson-Ohman, Linnea"]
[Result "1/2-1/2"]
[TimeControl "90 minutes for 40 moves + 30 minutes for the rest of the game + 30 seconds per move from move one"]
[WhiteFideId "1741586"]
[BlackFideId "1737260"]
[WhiteElo "1866"]
[BlackElo "1529"]

1. c4 c6 2. g3 d5 3. Bg2 Nf6 4. Nf3 e6 5. Qc2 Bd6 6. d4 Nbd7 7. cxd5 exd5 8. Nc3 O-O 9. O-O Re8 10.
Re1 Nb6 11. Bg5 h6 12. Bxf6 Qxf6 13. e4 Qg6 14. Nh4 Qh7 15. Bf1 g5 16. Ng2 Bd7 17. Bd3 Qg7 18. e5 Bb4 19. a3 Bxc3 20.
bxc3 Nc8 21. Kh1 Ne7 22. f4 Bh3 23. Ne3 f6 24. Bf1 Bxf1 25. Rxf1 Rf8 26. exf6 Rxf6 27. f5 Raf8 28. g4 Qh7 29.
Kg2 h5 30. h3 Rh6 31. Rh1 Kf7 32. Raf1 Rh8 33. Qd3 Ng8 34. gxh5 Rxh5 35. Ng4 Nf6 36. Nxf6 Kxf6 37. Qe3 Qe7 38.
Qxe7+ 1/2-1/2

[Event "Swedish Chess Championship 2019: Minior-SM"]
[Site "Stiga Sports Arena, Arenatorget 1, Eskilstuna, Sweden, Sweden"]
[Date "2019.07.13"]
[Round "8.4"]
[White "Anfalt, Erik"]
[Black "Tran, Alva Ling"]
[Result "0-1"]
[TimeControl "90 minutes for 40 moves + 30 minutes for the rest of the game + 30 seconds per move from move one"]
[WhiteFideId "1753533"]
[BlackFideId "1753223"]
[WhiteElo "1511"]
[BlackElo "1712"]

1. e4 c5 2. Nc3 Nc6 3. f4 g6 4.
Nf3 Bg7 5. Bb5 Nd4 6. O-O a6 7. Bc4 b5 8. Bd5 Rb8 9. e5 e6 10. Be4 d5 11. exd6 Qxd6 12. Nxd4 Qxd4+ 13. Kh1 Ne7 14.
d3 O-O 15. Qe1 Rd8 16. Be3 Qd6 17. Qf2 Bd4 18. Bxd4 cxd4 19. Ne2 Bb7 20. Ng3 Nf5 21. Nxf5 exf5 22. Bxb7 Rxb7 23. Rfe1 Qb4 24.
Rab1 Rc7 25. Re2 Rdc8 26. a3 Qa4 27. Rc1 Rd7 28. Qe1 Kg7 29. c3 dxc3 30. Rxc3 Rxc3 31. Qxc3+ Qd4 32. Rd2 Qxc3 33.
bxc3 Rc7 34. Rc2 a5 35. c4 Kf6 36. g3 Ke6 37. Kg2 Kd6 38. Kf2 bxc4 39. dxc4 Kc6 40. Ke3 Rb7 41. Rc3 Kc5 42.
h4 a4 43. Kd3 Rd7+ 44. Ke3 Rd4 45. Ke2 Re4+ 46. Kd2 h5 47. Kd3 Re1 48. Kd2 Rg1 49. Ke2 Kd4 50. Rc2 Rg2+ 51. Kd1 Rxc2 52.
Kxc2 Kxc4 53. Kb2 Kd3 54. Ka2 Kc2 55. Ka1 Kb3 56. Kb1 Kxa3 57. Ka1 Kb3 58. Kb1 Kc3 59. Ka2 Kd3 0-1

[Event "Swedish Chess Championship 2019: Minior-SM"]
[Site "Stiga Sports Arena, Arenatorget 1, Eskilstuna, Sweden, Sweden"]
[Date "2019.07.13"]
[Round "8.5"]
[White "Enholm, Herman"]
[Black "Wikman, Viktor"]
[Result "0-1"]
[TimeControl "90 minutes for 40 moves + 30 minutes for the rest of the game + 30 seconds per move from move one"]
[WhiteFideId "1744500"]
[BlackFideId "1744720"]
[WhiteElo "1695"]
[BlackElo "1633"]

1. d4 Nf6 2. c4 e6 3. Nc3 Bb4 4. Qc2 Nc6 5. Nf3 d6 6. e3 O-O 7. Bd3 e5 8. d5 Nb8 9. Bd2 Nbd7 10.
a3 Bxc3 11. Bxc3 Nc5 12. e4 a5 13. b4 axb4 14. axb4 Rxa1+ 15. Bxa1 Nxd3+ 16. Qxd3 Nh5 17. O-O Nf4 18. Qe3 f5 19.
exf5 Bxf5 20. Bb2 Bd3 21. g3 Nh3+ 22. Kg2 Bxf1+ 23. Kxf1 Qf6 24. Kg2 Qf5 25. c5 e4 26. Nd4 Qxf2+ 27. Qxf2 Rxf2+ 28. Kxh3 Rxb2 29. Ne6 e3 30. Nxc7 dxc5 31. d6 Rd2 32. bxc5 e2 0-1

[Event "Swedish Chess Championship 2019: Minior-SM"]
[Site "Stiga Sports Arena, Arenatorget 1, Eskilstuna, Sweden, Sweden"]
[Date "2019.07.13"]
[Round "8.6"]
[White "Muntean, Felix"]
[Black "Backlund, Elias"]
[Result "0-1"]
[TimeControl "90 minutes for 40 moves + 30 minutes for the rest of the game + 30 seconds per move from move one"]
[WhiteFideId "1054465"]
[BlackFideId "1753207"]
[WhiteElo "1377"]
[BlackElo "1656"]

1. e4 d5 2. exd5 Qxd5 3. Nc3 Qa5 4. d4 Nf6 5. Nf3 Bg4 6. h3 Bh5 7. Bb5+ c6 8. Bc4 e6 9. Qd3 Be7 10.
O-O O-O 11. Ne4 Bg6 12. Nxf6+ Bxf6 13. Qb3 Qc7 14. Bd3 Bxd3 15. Qxd3 Nd7 16. Ng5 Bxg5 17. Bxg5 h6 18. Bh4 Qf4 19.
Bg3 Qf6 20. Rfe1 Rad8 21. Qe4 Nb6 22. Be5 Qg5 23. Re3 f6 24. Bc7 Rde8 25. Rg3 Qf5 26. Qh4 Kh7 27. c3 Nd5 28. Bd6 Rf7 29.
c4 Nb6 30. b3 Rd7 31. Bc5 Red8 32. Rf3 Qg6 33. Re1 Re8 34. Rg3 Qf5 35. Ree3 e5 36. Kh2 g5 37. Qh5 Qg6 38. Qxg6+ Kxg6 39.
h4 Nc8 40. hxg5 hxg5 41. dxe5 Rxe5 42. Rxe5 fxe5 43. Re3 b6 44. Bb4 Kf5 45. Kg3 Nd6 46. Bxd6 Rxd6 47. Rf3+ Kg6 48. Re3 Kf5 49.
Rf3+ Kg6 50. Re3 Kf6 51. Kg4 Rd4+ 52. Kf3 Kf5 53. g3 e4+ 54. Kg2 Rd3 55. a3 g4 56. a4 Ke5 57. Kf1 Kd4 58.
Ke2 Rxe3+ 59. fxe3+ Kc3 0-1

[Event "Swedish Chess Championship 2019: Minior-SM"]
[Site "Stiga Sports Arena, Arenatorget 1, Eskilstuna, Sweden, Sweden"]
[Date "2019.07.14"]
[Round "9.1"]
[White "Wikman, Viktor"]
[Black "Falkevall, Axel"]
[Result "1/2-1/2"]
[TimeControl "90 minutes for 40 moves + 30 minutes for the rest of the game + 30 seconds per move from move one"]
[WhiteFideId "1744720"]
[BlackFideId "1735560"]
[WhiteElo "1633"]
[BlackElo "2067"]

1. e4 e6 2. d4 d5 3. Nc3 Nf6 4. Bg5 Be7 5. e5 Nfd7 6. Bxe7 Qxe7 7. f4 a6 8. Nf3 c5 9. Be2 Nc6 10.
dxc5 Qxc5 11. Qd2 b5 12. h4 Bb7 13. O-O-O Qe7 14. Nd4 Nxd4 15. Qxd4 Qc5 16. Bg4 Rc8 17. Rd2 Qxd4 18. Rxd4 Ke7 19.
Re1 h5 20. Bf3 g6 21. a4 Rc4 22. Rxc4 bxc4 23. Kd2 Nc5 24. Ke3 Bc6 25. Kd4 Nxa4 26. Nxa4 Bxa4 27. Ra1 Bb5 28. c3 Kd7 29.
Bd1 Rb8 30. Kc5 Rc8+ 31. Kd4 Kc6 32. Ra3 Kb6 33. Ra2 a5 34. Bc2 Bd7 35. Bd1 Rf8 36. g3 Ra8 37. Bc2 a4 38. Ra3 Ra5 39.
Ra2 Kc7 40. Bd1 Kd8 41. g4 hxg4 42. Bxg4 Ke7 43. h5 gxh5 44. Bxh5 Ra8 45. Bd1 Ra5 46. Bf3 f5 47. Ra1 Ra7 48.
Ke3 Rb7 49. Ra2 Rb8 50. Bd1 Rh8 51. Bf3 Rh2 52. Be2 Be8 53. Ra1 Kf8 54. Rg1 Bh5 55. Bxh5 Rxh5 56. Ra1 Rh3+ 57. Kd4 Rf3 58.
Rxa4 Rxf4+ 59. Kc5 Rg4 60. Kd6 Rg6 61. Ra1 Rh6 62. Rb1 Rg6 1/2-1/2

[Event "Swedish Chess Championship 2019: Minior-SM"]
[Site "Stiga Sports Arena, Arenatorget 1, Eskilstuna, Sweden, Sweden"]
[Date "2019.07.14"]
[Round "9.2"]
[White "Johansson-Ohman, Linnea"]
[Black "Seo, Jung Hyun"]
[Result "1-0"]
[TimeControl "90 minutes for 40 moves + 30 minutes for the rest of the game + 30 seconds per move from move one"]
[WhiteFideId "1737260"]
[BlackFideId "1735667"]
[WhiteElo "1529"]
[BlackElo "1575"]

1. c4 e6 2. g3 d5 3. cxd5 exd5 4. Bg2 c6 5. e3 Nf6 6. Ne2 Be7 7. d4 Bf5 8. Nbc3 O-O 9. O-O Qc8 10.
Re1 Re8 11. Nf4 Bf8 12. f3 Na6 13. e4 Be6 14. exd5 Nxd5 15. Nxe6 Nxc3 16. bxc3 Rxe6 17. Bf4 Bd6 18. Bxd6 Rxd6 19.
Qb3 Qd7 20. Re5 Re6 21. Bh3 Rae8 22. Bxe6 Rxe6 23. Rxe6 fxe6 24. Re1 Kf7 25. f4 Kf6 26. Qb1 h6 27. g4 g6 28. Qe4 Nc7 29.
g5+ hxg5 30. fxg5+ Kxg5 31. Qe5+ Kh6 32. Re3 g5 33. Qf6+ Kh5 34. Rh3+ 1-0

[Event "Swedish Chess Championship 2019: Minior-SM"]
[Site "Stiga Sports Arena, Arenatorget 1, Eskilstuna, Sweden, Sweden"]
[Date "2019.07.14"]
[Round "9.3"]
[White "Tran, Alva Ling"]
[Black "Strom-Engdahl, Alexander"]
[Result "0-1"]
[TimeControl "90 minutes for 40 moves + 30 minutes for the rest of the game + 30 seconds per move from move one"]
[WhiteFideId "1753223"]
[BlackFideId "1741586"]
[WhiteElo "1712"]
[BlackElo "1866"]

1. e4 e5 2. Nf3 Nf6 3. Nxe5 d6 4.
Nf3 Nxe4 5. d3 Nf6 6. d4 d5 7. Bd3 Bd6 8. Bg5 Qe7+ 9. Qe2 Qxe2+ 10. Kxe2 Ne4 11. Bh4 f5 12. Nbd2 h6 13.
g4 g5 14. gxf5 Nxd2 15. Kxd2 gxh4 16. Nxh4 Nc6 17. Ke3 Nb4 18. Bb5+ Bd7 19. Bxd7+ Kxd7 20. Kd2 Nc6 21. c3 Rhf8 22.
Rag1 Bf4+ 23. Kd3 Bg5 24. Rg4 Bxh4 25. Rxh4 Rf6 26. Rg1 Ne7 27. Rg7 Kd6 28. Rh7 Nxf5 29. Rg4 Raf8 30. h4 R6f7 31.
Rxf7 Rxf7 32. Ke2 Rg7 33. Rf4 Ke6 34. Kf3 h5 35. b3 Nh6 36. Rf8 Rf7+ 37. Rxf7 Kxf7 38. Kf4 Kf6 39. c4 c6 40.
Kf3 Nf5 41. cxd5 cxd5 42. Ke2 Nxh4 0-1

[Event "Swedish Chess Championship 2019: Minior-SM"]
[Site "Stiga Sports Arena, Arenatorget 1, Eskilstuna, Sweden, Sweden"]
[Date "2019.07.14"]
[Round "9.4"]
[White "Backlund, Elias"]
[Black "Fridman, Arvid"]
[Result "1/2-1/2"]
[TimeControl "90 minutes for 40 moves + 30 minutes for the rest of the game + 30 seconds per move from move one"]
[WhiteFideId "1753207"]
[BlackFideId "1758632"]
[WhiteElo "1656"]
[BlackElo "1326"]

1. d4 d5 2. c4 c6 3. Nc3 Nf6 4.
Bf4 Bf5 5. cxd5 Nxd5 6. Nxd5 Qxd5 7. e3 e6 8. a3 Nd7 9. Nf3 Rc8 10. Bd3 Bxd3 11. Qxd3 c5 12. Rc1 Qa2 13. Qb5 Qd5 14.
O-O c4 15. Qa4 a6 16. Rfe1 b5 17. Qxa6 Ra8 18. e4 Qxe4 19. Rxe4 Rxa6 20. Kf1 Nf6 21. Re2 Nd5 22. Bg3 Bd6 1/2-1/2

[Event "Swedish Chess Championship 2019: Minior-SM"]
[Site "Stiga Sports Arena, Arenatorget 1, Eskilstuna, Sweden, Sweden"]
[Date "2019.07.14"]
[Round "9.5"]
[White "Morell, Ludvig"]
[Black "Zahn, Thomas"]
[Result "1-0"]
[TimeControl "90 minutes for 40 moves + 30 minutes for the rest of the game + 30 seconds per move from move one"]
[WhiteFideId "1736779"]
[BlackFideId "1746103"]
[WhiteElo "1744"]
[BlackElo "1422"]

1. e4 e5 2. Nf3 Nc6 3. Bc4 Nf6 4. Ng5 d5 5. exd5 Na5 6. Bb5+ c6 7. dxc6 bxc6 8. Qf3 Bb7 9. Bd3 Qd5 10.
Nc3 Qxf3 11. Nxf3 Bd6 12. O-O O-O 13. b3 a6 14. Bb2 c5 15. Rfe1 Bxf3 16. gxf3 Nc6 17. Ne4 Nxe4 18. Bxe4 Rac8 19.
Bxc6 Rxc6 20. Bxe5 Rd8 21. Bxd6 Rcxd6 22. d3 f6 23. Re7 R8d7 24. Rae1 Rxe7 25. Rxe7 Rc6 26. Kg2 h5 27. Kg3 Kh7 28.
Re4 g5 29. Rc4 Kg6 30. d4 f5 31. Rxc5 f4+ 32. Kg2 Re6 33. d5 Re1 34. Rc6+ Kf5 35. Rxa6 g4 36. Re6 Rd1 37. Re2 Kg5 38.
fxg4 hxg4 39. f3 Rxd5 40. fxg4 Kxg4 41. h3+ Kg5 42. Kf3 Rd2 1-0

[Event "Swedish Chess Championship 2019: Minior-SM"]
[Site "Stiga Sports Arena, Arenatorget 1, Eskilstuna, Sweden, Sweden"]
[Date "2019.07.14"]
[Round "9.6"]
[White "Willstedt, Lukas"]
[Black "Gerdes, Sebastian"]
[Result "1/2-1/2"]
[TimeControl "90 minutes for 40 moves + 30 minutes for the rest of the game + 30 seconds per move from move one"]
[WhiteFideId "1751913"]
[BlackFideId "1745697"]
[WhiteElo "1259"]
[BlackElo "1529"]

1. d4 c6 2. c4 d5 3. Nc3 Nf6 4.
Nf3 e6 5. Bg5 Nbd7 6. e3 h6 7. Bh4 Be7 8. cxd5 exd5 9. Bd3 O-O 10. Qb3 b6 11. O-O Bb7 12. Rfe1 c5 13. Bxf6 Bxf6 14.
Nxd5 Re8 15. Bc4 Rf8 16. Nxf6+ Qxf6 17. Bd5 Bc6 18. Bxc6 Qxc6 19. Rac1 Rac8 20. Qa3 Qg6 21. Qxa7 Qc6 22.
Qa6 Ra8 23. Qc4 b5 24. d5 Qb7 25. Qb3 c4 26. Rxc4 Qxd5 27. Rb4 Qxb3 28. Rxb3 Rxa2 29. Rxb5 Rc8 30. Nd4 Nc5 31. Rd1 Nd3 32.
g3 Nxb2 33. Rd2 Ra1+ 34. Kg2 Nc4 35. Rc2 Ra4 36. Rb3 Re8 37. Rbc3 Nd6 38. Rc6 Ne4 39. Rc8 Rxc8 40. Rxc8+ Kh7 41.
h4 Ra6 42. Rc7 Rf6 43. Rc2 Rg6 44. Kf3 Nd6 45. Rc6 Rf6+ 46. Ke2 Kg6 47. g4 Ne4 48. f4 Rxc6 49. Nxc6 f5 50. Ne7+ Kf6 51.
Nxf5 g5 52. Nxh6 gxh4 53. Kf3 h3 54. g5+ Kg6 55. Ng4 Kf5 56. g6 Nd2+ 57. Kg3 Kxg6 58. Ne5+ Kf5 59. Kxh3 Nf1 60. Nc4 Nxe3 1/2-1/2